AoeStats
← Toblerone Order

Hill Fort

506138810Analyzed
4v4 RM · 20d ago on Sep 12, 2026· 41m 46s· 8 players
Game mode
Random Map
Map size
Large (8 player)
Population
200
Speed
Normal
Resources
Standard
Victory
Conquest
Starting age
Dark Age
Ending age
Imperial Age
RankedLock teamsTeams togetherTeam positionsShared explorationLock speedFull tech treeHidden civsTurbo modeCheats
Victory
Defeat
🇻🇳 Aztecs · Vietnam
1707
+12
🇻🇳 Malay · Vietnam
1651
+14
1524
+19
🇨🇿 Lithuanians · Czechia
1496
+20
1665
-19
🇪🇸 Gurjaras · Spain
1612
-17
🇳🇴 Vietnamese · Norway
1596
-16
🇹🇷 Burgundians · Türkiye
1527
-13
Pelopincho
10:58 Feudal Age
14:52 Castle Age
13:24 Double-Bit Axe
13:31 Loom
13:32 Horse Collar
15:55 Wheelbarrow
15:54 Bow Saw
17:58 Heavy Plow
20:42 Hand Cart
20:26 Town Watch
23:26 Husbandry
23:37 Bloodlines
25:27 Scale Barding Armor
25:33 Forging
28:27 Chain Barding Armor
30:01 Gold Mining
30:01 Stone Mining
33:52 Imperial Age
32:36 Iron Casting
32:48 Kshatriyas
34:11 Heavy Camel Rider
35:36 Plate Barding Armor
35:39 Gold Shaft Mining
35:52 Crop Rotation
37:01 Light Cavalry
38:31 Stone Shaft Mining
40:22 Caravan
39:49 Hussar
Toblerone Order
3:05 Double-Bit Axe
10:28 Feudal Age
9:37 Loom
9:49 Horse Collar
10:28 Loom
11:32 Bow Saw
12:06 Loom
12:42 Loom
12:56 Loom
16:37 Castle Age
14:43 Heavy Plow
15:49 Gold Mining
16:32 Scale Barding Armor
16:37 Forging
17:28 Gold Shaft Mining
18:02 Husbandry
18:07 Cavalier
20:02 Two-Man Saw
20:45 Chain Barding Armor
22:13 Light Cavalry
29:07 Wheelbarrow
28:30 Stone Mining
30:44 Hand Cart
32:08 Crop Rotation
32:22 Stone Shaft Mining
33:34 Fletching
36:16 Imperial Age
34:22 Iron Casting
36:51 Bodkin Arrow
37:34 Plate Barding Armor
39:11 Blast Furnace
39:36 Town Watch
40:06 Paladin
Kamáximo Décimo Meridio
11:16 Feudal Age
14:51 Castle Age
13:07 Double-Bit Axe
13:22 Horse Collar
15:54 Wheelbarrow
16:12 Bow Saw
16:30 Loom
20:53 Town Watch
22:31 Husbandry
24:40 Bloodlines
27:20 Devotion
34:23 Imperial Age
32:24 Masonry
34:19 Gambesons
36:04 Chemistry
35:59 Fortified Wall
39:05 Hand Cart
39:39 Conscription
39:40 Supremacy
39:32 Elite Cannon Galleon
Vardyn
11:12 Feudal Age
9:55 Loom
15:11 Castle Age
13:45 Double-Bit Axe
14:29 Horse Collar
15:32 Fletching
17:22 Bow Saw
19:44 Bodkin Arrow
20:20 Padded Archer Armor
26:33 Wheelbarrow
29:32 Hand Cart
30:39 Gold Mining
30:39 Stone Mining
34:09 Imperial Age
32:24 Leather Archer Armor
32:10 Pikeman
32:50 Squires
33:36 Scale Mail Armor
33:47 Forging
34:52 Bracer
35:54 Chemistry
35:16 Ballistics
36:25 Chain Mail Armor
39:06 Ring Archer Armor
重活一世,我要天天打帝国
0:27 Loom
10:44 Feudal Age
15:03 Castle Age
13:17 Double-Bit Axe
13:47 Horse Collar
15:56 Bow Saw
15:51 Gold Mining
15:58 Town Watch
16:33 Heavy Plow
16:36 Fletching
18:35 Bodkin Arrow
20:31 Wheelbarrow
22:26 Padded Archer Armor
24:06 Bloodlines
25:12 Ballistics
24:53 Husbandry
25:36 Leather Archer Armor
26:32 Thumb Ring
27:26 Stone Mining
28:53 Gold Shaft Mining
35:28 Imperial Age
35:48 Heavy Cavalry Archer
36:30 Bracer
37:35 Chemistry
36:33 Elite Fire Lancer
38:03 Stone Shaft Mining
37:42 Squires
37:44 Scale Mail Armor
38:15 Ring Archer Armor
37:55 Forging
38:39 Arson
39:10 Chain Mail Armor
39:14 Forging
40:27 Two-Man Saw
40:47 Conscription
41:06 Plate Mail Armor
42:40 Iron Casting
paran
9:11 Feudal Age
9:43 Double-Bit Axe
10:43 Horse Collar
17:36 Wheelbarrow
20:29 Castle Age
18:55 Gold Mining
19:44 Bloodlines
20:26 Scale Barding Armor
20:31 Forging
20:36 Light Cavalry
21:21 Heavy Plow
21:34 Bow Saw
21:50 Husbandry
23:11 Hand Cart
24:56 Stone Mining
26:19 Loom
30:48 Town Watch
32:54 Chain Barding Armor
33:10 Iron Casting
35:27 Imperial Age
36:11 Fletching
35:50 Pikeman
36:57 Cavalier
38:03 Town Patrol
39:46 Two-Man Saw
39:19 Crop Rotation
40:10 Stone Shaft Mining
40:00 Paladin
41:06 Conscription
Gờ Gờ
11:13 Feudal Age
11:24 Feudal Age
11:53 Loom
15:25 Castle Age
13:47 Double-Bit Axe
15:13 Bow Saw
15:04 Horse Collar
20:49 Wheelbarrow
21:10 Heavy Plow
21:02 Gold Mining
29:04 Imperial Age
27:47 Gold Shaft Mining
27:03 Stone Mining
27:13 Town Watch
27:52 Husbandry
27:59 Scale Barding Armor
28:47 Forging
29:33 Elite Battle Elephant
31:42 Iron Casting
34:22 Blast Furnace
35:10 Fletching
39:00 Ballistics
39:11 Hand Cart
ZiZi
10:55 Feudal Age
14:36 Castle Age
12:29 Loom
13:00 Horse Collar
13:13 Double-Bit Axe
13:20 Horse Collar
15:34 Bow Saw
15:26 Heavy Plow
15:38 Bow Saw
18:13 Wheelbarrow
19:20 Town Watch
19:47 Fletching
22:41 Sanctity
24:14 Fervor
23:46 Pikeman
24:27 Squires
32:03 Imperial Age
30:05 Gold Mining
30:44 Scale Mail Armor
31:29 Eagle Warrior
35:51 Chain Mail Armor
36:15 Forging
37:40 Plate Mail Armor
37:31 Gambesons
37:31 Arson
38:42 Iron Casting
39:23 Garland Wars
41:15 Blast Furnace
40:36 Conscription
40:37 Hand Cart
40:26 Caravan
41:27 Elite Eagle Warrior
42:04 Bodkin Arrow
Connection lost

Rejoining the realm…

Still unreachable

The connection could not be restored.

Session expired

The server has moved on; the page needs a fresh start.